 Dungeon Crawl Stone Soup version 0.31-a0-1074-g0b22e4e0f1 (webtiles) character file.

Game seed: 5358799129074077691

671 Jeffwins the Digger (level 7, -2/59 HPs)
             Began as a Troll Earth Elementalist on Dec 1, 2023.
             Slain by a sleepcap (3 damage)
             ... on level 5 of the Dungeon.
             The game lasted 00:04:14 (2698 turns).

Jeffwins the Digger (Troll Earth Elementalist)      Turns: 2698, Time: 00:04:14

Health: -2/59      AC:  6    Str: 17    XL:     7   Next: 32%
Magic:  3/9        EV:  9    Int: 13    God:
Gold:   244        SH:  0    Dex: 10    Spells: 0/11 levels left

rFire   . .          .
                       - Unarmed
rCold   . . .        (no shield)
rNeg    . . .        a - +0 robe
rPois   .            f - +2 hat
rElec   .            (no cloak)
rCorr   .            (gloves unavailable)
SInv    .            (boots unavailable)
Will    +....        (no amulet)
Stlth   +            (no ring)
HPRegen 1.09/turn    (no ring)
MPRegen 0.11/turn

%: no passive effects
@: enlightened, flying
A: large, unfitting armour, claws 3, regeneration 1, shaggy fur 1, tough skin 1
a: no special abilities


You were on level 5 of the Dungeon.
You visited 1 branch of the dungeon, and saw 5 of its levels.

You collected 244 gold pieces.


Innate Abilities, Weirdness & Mutations

You are too large for most types of armour.
You have claws for hands.
Your natural rate of healing is unusually fast.
You are covered in fur. (AC +1)
You have tough skin. (AC +1)


   Skills:
 - Level 1.5 Dodging
 - Level 1.0 Stealth
 * Level 3.7 Unarmed Combat
 * Level 2.6 Spellcasting
 * Level 2.3 Conjurations
 - Level 0.6 Transmutations
 * Level 0.4 Air Magic
 * Level 4.4 Earth Magic
 * Level 1.2 Poison Magic


You couldn't memorise any spells.
You knew the following spells:

 Your Spells              Type           Power      Damage    Failure   Level
m - Mephitic Cloud        Conj/Pois/Air  5%         N/A       38%         3
o - Olgreb's Toxic Radia  Pois           5%         N/A       80%         4
x - Stone Arrow           Conj/Erth      20%        3d8       19%         3
z - Sandblast             Erth           26%        2d8       3%          1

Your spell library contained the following spells:

 Spells                   Type           Power      Damage    Failure   Level
 Passwall                 Tmut/Erth      6%         N/A       13%         2
 Freeze                   Ice            4%         1d3       24%         1
 Poisonous Vapours        Pois/Air       6%         N/A       26%         2
 Hailstorm                Conj/Ice       4%         3d4       41%         3
 Brom's Barrelling Bould  Conj/Erth      10%        2d3       52%         4
 Frozen Ramparts          Ice            2%         1d1       58%         3
 Petrify                  Tmut/Erth      8%         N/A       63%         4
 Freezing Cloud           Conj/Ice/Air   2%         6-21      99%         5
 Discord                  Hex            0%         N/A       100%        8
 Ignition                 Fire           0%         3d3       100%        8

Inventory:

Armour
 a - a +0 robe (worn)
 f - a +2 hat (worn)
Jewellery
 H - an amulet of faith {!P}
Wands
 q - a wand of polymorph (7)
Scrolls
 d - a scroll of acquirement {unknown}
 g - a scroll of blinking {unknown}
 h - 2 scrolls of identify {unknown}
 i - a scroll of revelation {unknown}
 j - a scroll of immolation {unknown}
 m - 2 scrolls of teleportation {unknown}
 n - 3 scrolls of poison {unknown}
 o - 2 scrolls of silence {unknown}
 r - a scroll of fog {unknown}
Potions
 b - a potion of magic
 c - 2 potions of heal wounds {@q2}
 e - a potion of degeneration {unknown}
 k - 4 potions of enlightenment
 l - a potion of attraction {unknown}
 p - a potion of curing {unknown}

Dungeon Overview and Level Annotations

Branches:
Dungeon (5/15)
 Temple: D:4-7

Altars:
Ashenzari
Dithmenos
Makhleb
Trog

#.......# #.......# #..#
...# #######..##...##..
#...#............. ..
#...'o........../. ...
#..o#............. #...
###f##..###...####
##...####@###### ####
#...............#
#...............#
#...............#
#...............#
#>..............#......
................#......
⌠...............#......
..##...#########.##...####


You could see a sleepcap and an orc.


Message History

Aim: a sleepcap (heavily damaged, 100% to hit)
The blast of sand hits the sleepcap.
The sleepcap is heavily damaged.
The sleepcap closely misses you. The sleepcap barely misses you.
Casting: Sandblast (safe; 3% risk of failure)
Confirm with . or Enter, or press ? or * to list all spells.
Aiming: Sandblast (safe; 3% risk of failure)
Press: ? - help, Shift-Dir - straight line, f/p - sleepcap
Aim: a sleepcap (heavily damaged, 100% to hit)
The blast of sand hits the sleepcap but does no damage.
The sleepcap is heavily damaged.
The sleepcap releases spores at you.
* * * LOW HITPOINT WARNING * * *
You are engulfed in a cloud of soporific spores!
You fall asleep.
The sleepcap releases spores at you!
You wake up.
* * * LOW HITPOINT WARNING * * *
Unknown command.
Casting: Sandblast (safe; 3% risk of failure)
Confirm with . or Enter, or press ? or * to list all spells.
Aiming: Sandblast (safe; 3% risk of failure)
Press: ? - help, Shift-Dir - straight line, f/p - sleepcap
Aim: a sleepcap (heavily damaged, 100% to hit)
The blast of sand hits the sleepcap.
The sleepcap is severely damaged.
The sleepcap releases spores at you.
* * * LOW HITPOINT WARNING * * *
You are engulfed in a cloud of soporific spores!
You are unaffected.
The sleepcap releases spores at you.
You die...

Skill      XL: |  1  2  3  4  5  6  7 |
---------------+----------------------+-----
Unarmed Combat | 1 2 3 |  3.7
Earth Magic    | 3 4 |  4.4
Conjurations   | 1 2 |  2.3
Spellcasting   | 2 |  2.6
Poison Magic   | 1 |  1.2
Dodging        | |  1.5
Stealth        | |  1.0
Transmutations | |  0.6
Air Magic      | |  0.4

Action                     |  1- 3 |  4- 6 |  7- 9 || total
---------------------------+-------+-------+-------++-------
  Melee: Unarmed           |   123 |    66 |    25 ||   214
         Punch             |     3 |     1 |       ||     4
   Cast: Sandblast         |     2 |     6 |    12 ||    20
    Use: Potion            |       |       |     2 ||     2
   Stab: Sleeping          |     3 |     4 |       ||     7
 Armour: Robe              |   116 |    33 |    75 ||   224
  Dodge: Dodged            |    65 |    31 |    40 ||   136

Levels and vault maps discovered:
D:1:      tarquinn_simple_flora_water_a, layout_rooms,
          hellmonk_ecumenical_altar_dog_temple, grunt_decor_one_mirror
D:2:      layout_rooms, minmay_heptomino_l4
D:3:      layout_loops_cross, makhleb_altar_promises_db, grunt_dithmenos_smoke
D:4:      layout_basic, lemuel_round_altar, uniq_menkaure
D:5:      layout_gridville, cheibrodos_ashenzari_chains, vehumet_statue,
          minmay_temple_entry_drinking_statues

Notes
Turn   | Place    | Note
-------+----------+-------------------------------------------
     0 | D:1      | Jeffwins the Troll Earth Elementalist began the quest for
                  | the Orb.
     0 | D:1      | Reached XP level 1. HP: 16/16 MP: 1/1
    36 | D:1      | Found a faded altar of an unknown god.
   121 | D:1      | Reached XP level 2. HP: 24/24 MP: 3/3
   161 | D:1      | Reached skill level 1 in Unarmed Combat
   246 | D:1      | Reached skill level 3 in Earth Magic
   459 | D:2      | Reached XP level 3. HP: 31/31 MP: 4/4
   463 | D:2      | Learned a level 3 spell: Stone Arrow
  1139 | D:3      | Reached skill level 2 in Unarmed Combat
  1139 | D:3      | Reached XP level 4. HP: 36/39 MP: 5/5
  1239 | D:3      | Found a shadowy altar of Dithmenos.
  1415 | D:3      | Found a burning altar of Makhleb.
  1415 | D:3      | Noticed an Executioner
  1426 | D:3      | Reached skill level 1 in Conjurations
  1689 | D:4      | Reached XP level 5. HP: 27/45 MP: 6/6
  1736 | D:4      | Noticed Menkaure
  1743 | D:4      | Killed Menkaure
  1744 | D:4      | Reached skill level 2 in Spellcasting
  1821 | D:4      | Reached skill level 3 in Unarmed Combat
  1821 | D:4      | Reached skill level 4 in Earth Magic
  1821 | D:4      | Reached XP level 6. HP: 53/53 MP: 5/8
  1826 | D:4      | Learned a level 4 spell: Olgreb's Toxic Radiance
  1875 | D:4      | Reached skill level 2 in Conjurations
  1926 | D:4      | Noticed a water moccasin
  1941 | D:4      | Killed a water moccasin
  1942 | D:4      | Reached XP level 7. HP: 39/59 MP: 6/9
  2132 | D:4      | Learned a level 3 spell: Mephitic Cloud
  2144 | D:4      | Reached skill level 1 in Poison Magic
  2254 | D:4      | Found a bloodstained altar of Trog.
  2563 | D:5      | Entered Level 5 of the Dungeon
  2579 | D:5      | Found a broken altar of Ashenzari.
  2687 | D:5      | HP: 5/59 [sleepcap (4)]
  2697 | D:5      | HP: 4/59 [sleepcap (9)]
  2698 | D:5      | HP: 1/59 [sleepcap (5)]
  2698 | D:5      | Slain by a sleepcap

Vanquished Creatures
  Menkaure (D:4)
  A water moccasin (D:4)
  An ogre (D:4)
  2 scorpions (D:4)
  A howler monkey (D:5)
  A hound (D:5)
  An iguana (D:4)
  6 adders
  4 ufetubi
  A dart slug (D:1)
  4 orcs (D:3)
  5 endoplasms
  3 hobgoblins
  8 jackals
  4 kobolds
  3 quokkas
  7 ball pythons
  8 bats
  3 frilled lizards
  5 goblins
  6 rats
75 creatures vanquished.

Table legend: (Time is in decaauts)
 A = Elapsed time spent in this place.
 B = Non-inter-level travel time spent in this place.
 C = Inter-level travel time spent in this place.
 D = Time resting spent in this place.
 E = Time spent auto-exploring this place.
 F = Levels seen in this place.
 G = Mean time per level.
                   A        B        C        D        E       F      G
               +--------+--------+--------+--------+--------+-----+--------+
         Total |   2699 |   2610 |     89 |      0 |   2046 |   5 |  539.8 |
       Dungeon |   2699 |   2610 |     89 |      0 |   2046 |   5 |  539.8 |
               +--------+--------+--------+--------+--------+-----+--------+

Top non-repeatable levels by time:
     D:4: 1009 daAuts
     D:3: 613 daAuts
     D:2: 482 daAuts
     D:1: 454 daAuts
     D:5: 139 daAuts

Table legend:
 A = Non-vault XP
 B = Vault XP
 C = Vault XP percentage of total XP
 D = Non-vault monster count
 E = Vault monster count
 F = Vault count percentage of total count
                 A         B        C        D         E       F
            +---------+---------+-------+---------+---------+-------
      Total |     762 |     197 |  20.5 |      66 |       9 |  12.0
            +---------+---------+-------+---------+---------+-------
        D:1 |      31 |       8 |  20.5 |      19 |       4 |  17.4
        D:2 |      23 |      17 |  42.5 |      14 |       4 |  22.2
        D:3 |      78 |       0 |   0.0 |      16 |       0 |   0.0
        D:4 |     498 |     172 |  25.7 |      11 |       1 |   8.3
        D:5 |     132 |       0 |   0.0 |       6 |       0 |   0.0
            +---------+---------+-------+---------+---------+-------
